 Dungeon Crawl Stone Soup version 0.30-a0-591-g3c58d2bc28 (webtiles) character file.

Game seed: 8584443830492679027

37 Leeroy the Conjurer (level 3, -2/21 HPs)
             Began as a Tengu Reaver on Jan 4, 2023.
             Slain by a rat (3 damage)
             ... on level 2 of the Dungeon.
             The game lasted 00:02:32 (995 turns).

Leeroy the Conjurer (Tengu Reaver)                   Turns: 995, Time: 00:02:32

Health: -2/21      AC:  3    Str: 12    XL:     3   Next: 39%
Magic:  3/7        EV: 12    Int: 15    God:
Gold:   109        SH:  0    Dex: 12    Spells: 0/6 levels left

rFire   . . .      SeeInvis .    a - +0 falchion
rCold   . . .      Faith    .    (no shield)
rNeg    . . .      Spirit   .    b - +0 leather armour
rPois   .          Reflect  .    (helmet restricted)
rElec   .          Harm     .    (no cloak)
rCorr   .          Rampage  .    (no gloves)
Will    .....                    (boots unavailable)
Stlth   +                        (no amulet)
HPRegen 0.23/turn                (no ring)
MPRegen 0.10/turn                (no ring)

@: no status effects
A: beak, talons 3
a: no special abilities


You were on level 2 of the Dungeon.
You visited 1 branch of the dungeon, and saw 2 of its levels.

You collected 109 gold pieces.

Inventory:

Hand Weapons
 a - a +0 falchion (weapon)
Missiles
 c - 5 poisoned darts
Armour
 b - a +0 leather armour (worn)
Scrolls
 f - a scroll of enchant weapon {unknown}
 h - 3 scrolls of torment {unknown}
Potions
 d - a potion of berserk rage {unknown}
 e - a potion of curing
 g - a potion of heal wounds {unknown}


   Skills:
 - Level 2.0 Fighting
 + Level 4.2 Long Blades
 - Level 2.4 Dodging
 - Level 2.0 Spellcasting
 + Level 4.6 Conjurations


You couldn't memorise any spells.
You knew the following spells:

 Your Spells              Type           Power      Damage    Failure   Level
a - Kiss of Death         Conj/Necr      32%        2d7       11%         1
b - Momentum Strike       Conj/Tloc      16%        3d8       17%         2
c - Dazzling Flash        Conj/Hex       16%        N/A       32%         3

Your spell library contained the following spells:

 Spells                   Type           Power      Damage    Failure   Level
 Hailstorm                Conj/Ice       8%         3d4       32%         3
 Iskenderun's Mystic Bla  Conj/Tloc      8%         2d4       73%         4
 Starburst                Conj/Fire      4%         6d3       100%        6


Dungeon Overview and Level Annotations

Branches:
Dungeon (2/15)

Altars:


Innate Abilities, Weirdness & Mutations

You have a beak for a mouth.
You have claws for feet.


Message History

Casting: Dazzling Flash (astonishingly dangerous; 32% risk of failure)
Confirm with . or Enter, or press ? or * to list all spells.
The spell is astonishingly dangerous to miscast (32% risk of failure)!
Continue anyway?
Casting: Dazzling Flash (astonishingly dangerous; 32% risk of failure)
Press: ? - help, Dir - look around, f - activate Look: an adder (chance to dazzle: 61%)
The adder is dazzled.
The rat is dazzled.
You feel sick. The adder closely misses you.
You hit the adder.
The adder is heavily wounded.
You feel sick. The adder misses you.
You closely miss the adder. You peck the adder.
The adder is heavily wounded.
You feel sick. The adder misses you. The adder closely misses you.
You hit the adder but do no damage. Your kick misses the adder.
The adder is heavily wounded.
You feel sick.
You are no longer poisoned.
The adder barely misses you.
You slash the adder!
You kill the adder!
The rat is no longer blind.
You hit the rat but do no damage. You claw the rat, but do no damage.
The rat misses you. The rat attacks as you move away!
The rat bites you but does no damage.
Your magical contamination has completely faded away.
The rat attacks as you move away! The rat closely misses you.
The rat attacks as you move away! The rat barely misses you.
A quokka comes into view.
You barely miss the quokka. The quokka bites you.
* * * LOW HITPOINT WARNING * * *
The rat bites you.
* * * LOW HITPOINT WARNING * * *
The quokka barely misses you.
You barely miss the quokka. You claw the quokka.
The quokka is heavily wounded.
The rat closely misses you. The quokka bites you.
* * * LOW HITPOINT WARNING * * *
The rat bites you.
You die...

#.# #.# #+ #.# #.
... #.# #### #.#
##.. ..# #.#
#.#...####.## #r#
.........g..# #@#
........##..# #r#
#.##.##†##..####g#
#.##.....g...g#
#........######
#.######.#
#..g.g...#
#.######## #.#


You could see a quokka, 2 hobgoblins and a rat.

Vanquished Creatures
  An adder (D:2)
  2 ball pythons
  3 endoplasms (D:1)
  2 giant cockroaches (D:1)
  2 goblins (D:1)
  2 hobgoblins (D:1)
  2 quokkas
  3 bats (D:1)
  A frilled lizard (D:1)
  4 kobolds (D:1)
  3 rats (D:1)
25 creatures vanquished.

Notes
Turn   | Place    | Note
-------+----------+-------------------------------------------
     0 | D:1      | Leeroy the Tengu Reaver began the quest for the Orb.
     0 | D:1      | Reached XP level 1. HP: 12/12 MP: 4/4
   125 | D:1      | Reached XP level 2. HP: 12/17 MP: 6/6
   541 | D:1      | Reached XP level 3. HP: 17/21 MP: 7/7
   628 | D:1      | Learned a level 2 spell: Momentum Strike
   632 | D:1      | Learned a level 3 spell: Dazzling Flash
   995 | D:2      | HP: 1/21 [quokka (2)]
   995 | D:2      | Slain by a rat

Illustrated notes

Levels and vault maps discovered:
D:1:      erik_arrival_triangle_medium, layout_basic
D:2:      layout_loops_corners, minmay_pentomino_q4

Skill      XL: |  1  2 |
---------------+-------+-----
Long Blades    | 4 |  4.2
Fighting       | |  2.0
Dodging        | |  2.4
Spellcasting   | |  2.0
Conjurations   | |  4.6

Action                   || total
-------------------------++-------
Melee: Falchion          ||    71
       Kick              ||    14
       Peck              ||     8
       Punch             ||     1
 Cast: Dazzling Flash    ||     1
  Use: Potion            ||     1
Armor: Leather armour    ||    17
Dodge: Dodged            ||    59

Table legend: (Time is in decaauts)
 A = Elapsed time spent in this place.
 B = Non-inter-level travel time spent in this place.
 C = Inter-level travel time spent in this place.
 D = Time resting spent in this place.
 E = Time spent auto-exploring this place.
 F = Levels seen in this place.
 G = Mean time per level.
                   A        B        C        D        E       F      G
               +--------+--------+--------+--------+--------+-----+--------+
         Total |   1002 |    989 |     13 |      0 |    773 |   2 |  501.0 |
       Dungeon |   1002 |    989 |     13 |      0 |    773 |   2 |  501.0 |
               +--------+--------+--------+--------+--------+-----+--------+

Top non-repeatable levels by time:
     D:1: 779 daAuts
     D:2: 223 daAuts
